Map: Galactic Process LE

Players

Nickos

  • Race: Terran Terran
  • League: Gold

vulcjek - Winner!

  • Race: Terran Terran
  • League: Gold

VOD

Have the link to the VOD?

Description

Time

  • Played on: Sept. 15, 2016, 9:42 a.m.
  • Length: 12:25
Show
View Real Time Build Order
Export as new Build Order

Nickos Terran 

Build Orders:  

Get SALT Encoding   

  12  0:00  SCV  
  13  0:13  SCV  
  14  0:19  Supply Depot  
  14  0:25  SCV  
  15  0:41  SCV  
  16  0:43  Barracks  
  16  0:47  Refinery  
  16  0:53  SCV  
  17  1:05  SCV  
  18  1:17  SCV  
  19  1:29  SCV  
  20  1:33  Reaper  
  21  1:40  Command Center  
  21  1:48  Supply Depot  
  21  2:08  Orbital Command  
  21  2:12  Barracks  
  21  2:16  Refinery  
  21  2:28  Marine  
  22  2:46  SCV  
  22  2:58  Orbital Command, SCV  
  22  3:00  Factory  
  22  3:02  Bunker  
  23  3:09  Barracks Reactor  
  23  3:10  Barracks Tech Lab, SCV  
  23  3:22  SCV  
  24  3:32  SCV  
  25  3:34  SCV  
  26  3:41  Stimpack  
  26  3:45  Factory Reactor, Starport, SCV  
  26  3:47  SCV  
  28  3:49  Marine x3  
  31  3:57  Supply Depot, SCV  
  31  3:59  SCV  
  33  4:04  Barracks  
  33  4:09  Marine, SCV  
  34  4:11  SCV  
  34  4:13  Marine x2  
  38  4:21  SCV  
  38  4:23  SCV  
  40  4:28  Marine  
  40  4:31  Marine x2  
  42  4:32  Supply Depot  
  42  4:33  SCV  
  42  4:35  Medivac x2  
  48  4:38  SCV  
  49  4:48  Engineering Bay  
  49  4:50  SCV x2  
  51  4:58  Marine x3  
  54  5:01  Factory Reactor  
  54  5:03  Barracks Reactor  
  54  5:04  SCV x2  
  56  5:08  Supply Depot  
  56  5:15  Marine  
  56  5:16  SCV  
  56  5:17  SCV  
  56  5:20  Terran Infantry Weapons Level 1  
  59  5:25  Supply Depot  
  59  5:28  SCV  
  59  5:29  SCV  
  59  5:30  Marine  
  59  5:31  Marine  
  59  5:33  Marine  
  58  5:46  SCV  
  58  5:47  SCV  
  59  5:57  Marine x4  
  59  5:58  SCV  
  59  5:59  Medivac x2, SCV  
  59  6:00  Barracks  
  69  6:11  SCV  
  70  6:14  SCV  
  71  6:23  SCV  
  72  6:29  Medivac, Command Center, Supply Depot, SCV  
  72  6:31  Marine x2  
  72  6:32  Marine  
  78  6:38  Engineering Bay  
  78  6:44  Armory  
  78  6:51  Medivac, SCV x2, Marine  
  78  6:53  Marine x2  
  78  6:54  Marine  
  86  7:23  Terran Infantry Armor Level 1  
  86  7:32  Supply Depot  
  86  7:34  SCV x2, Marine x4  
  86  7:36  Barracks, Supply Depot  
  92  7:44  Sensor Tower  
  92  7:47  Medivac, SCV x2  
  92  7:48  Refinery  
  96  7:52  Marine  
  97  7:59  SCV x2  
  99  8:09  Orbital Command  
  99  8:11  SCV x2  
  101  8:15  Marine x2  
  101  8:16  Marine x3  
  106  8:23  Command Center, SCV  
  107  8:44  Marine  
  107  8:45  Marine x3  
  107  8:46  Medivac x2  
  115  8:54  SCV x3  
  118  9:00  Barracks x2  
  118  9:03  Barracks  
  118  9:04  Barracks  
  115  9:16  Medivac  
  106  9:22  Marine x4  
  106  9:23  Marine  
  101  9:39  Marine  
  101  9:40  Marine x4  
  101  9:42  Medivac  
  105  9:46  Medivac  
  105  9:47  Barracks  
  105  9:48  Barracks  
  105  9:49  Planetary Fortress  
  107  9:53  Marine  
  107  9:54  Marine  
  107  9:59  Barracks Reactor x2  
  109  10:01  Barracks Tech Lab  
  109  10:12  Medivac  
  109  10:13  Marine x5  
  109  10:14  Marine x3  
  119  10:26  Medivac  
  119  10:27  Marauder  
  123  10:30  Marine  
  123  10:32  Marauder  
  123  10:33  SCV x3  
  129  10:38  Refinery  
  129  10:40  Marine x2  
  129  10:41  Marine x4  
  129  10:42  Marine x3  
  138  10:45  Marine, SCV  
  140  11:28  Supply Depot, Marine x6  
  140  11:29  Marauder  
  140  11:31  Supply Depot  
  146  11:46  Marine x2  
  133  11:47  Marine x3  
  133  11:48  Marine x3  
  133  11:49  Medivac x2, Marine x6  
  133  11:50  Marine  
  109  12:04  Marine x2, SCV x2  
  109  12:05  Marine x3, SCV  
  109  12:06  Marine x3  
Show
View Real Time Build Order
Export as new Build Order

vulcjek Terran - Winner!

Build Orders:  

Get SALT Encoding   

  12  0:01  SCV  
  13  0:24  SCV  
  13  0:25  Supply Depot  
  14  0:36  SCV  
  15  0:48  Barracks, SCV  
  16  1:01  SCV  
  16  1:02  Refinery  
  17  1:13  SCV  
  18  1:25  SCV  
  19  1:38  Marine  
  19  1:39  Orbital Command  
  20  1:40  Supply Depot  
  20  1:56  Marine  
  21  2:08  SCV  
  22  2:12  Factory  
  22  2:13  Marine  
  23  2:20  SCV  
  24  2:31  Marine  
  24  2:32  Refinery  
  25  2:41  SCV  
  25  2:49  Marine  
  26  2:53  SCV  
  27  3:05  SCV  
  27  3:07  Marine  
  27  3:11  Hellion  
  31  3:15  Starport  
  31  3:22  Supply Depot  
  31  3:43  Marine  
  31  3:44  Hellion, SCV  
  31  3:45  Supply Depot  
  35  3:53  Medivac  
  37  4:01  Marine, SCV  
  39  4:04  Command Center  
  39  4:07  Hellion  
  41  4:12  Supply Depot  
  41  4:13  SCV  
  42  4:19  Marine  
  43  4:24  Starport Reactor  
  43  4:29  SCV  
  44  4:37  Marine  
  45  4:42  SCV  
  45  4:44  Factory Tech Lab  
  46  4:55  Marine  
  46  4:56  Engineering Bay  
  47  5:00  Engineering Bay, SCV  
  47  5:05  Supply Depot  
  48  5:13  Medivac x2, Marine  
  53  5:16  Siege Tank  
  53  5:18  Supply Depot  
  56  5:22  SCV x2  
  49  5:44  Marine  
  49  5:45  Medivac  
  49  5:47  Orbital Command, SCV  
  49  5:48  Siege Tank  
  55  5:55  Barracks  
  55  6:00  Barracks  
  55  6:02  Marine  
  56  6:06  Refinery  
  56  6:10  SCV  
  57  6:12  Terran Infantry Armor Level 1  
  57  6:18  SCV  
  58  6:23  Refinery, Marine, SCV  
  61  6:32  SCV  
  61  6:35  SCV  
  62  6:41  Marine  
  62  6:42  Supply Depot  
  62  6:44  Medivac, SCV  
  62  6:45  Barracks Tech Lab  
  66  6:47  SCV  
  66  6:48  Barracks Tech Lab  
  66  6:55  Terran Infantry Weapons Level 1  
  66  6:57  SCV  
  66  6:59  Marine, SCV  
  69  7:05  Marine  
  70  7:09  SCV  
  70  7:11  SCV  
  70  7:13  Stimpack, Concussive Shells  
  70  7:15  Marauder  
  73  7:17  Marine  
  74  7:23  Marine  
  74  7:25  SCV x2  
  77  7:34  Armory  
  77  7:37  Medivac, Supply Depot  
  77  7:38  Marine x2  
  77  7:40  SCV x2  
  83  7:45  Supply Depot, Marine  
  84  7:52  SCV x2  
  84  7:56  Marine  
  84  7:57  Marauder  
  89  8:03  Marine  
  89  8:04  Command Center  
  90  8:07  Siege Tank  
  93  8:14  Armory  
  93  8:18  Supply Depot  
  93  8:19  SCV x2  
  95  8:22  Marine x2  
  95  8:23  Marauder  
  95  8:24  Combat Shields  
  95  8:25  Medivac  
  101  8:33  SCV  
  102  8:40  Marine x2  
  103  8:44  Marauder  
  105  8:56  Command Center  
  105  8:58  Marine x2  
  107  9:06  Marauder  
  94  9:17  Missile Turret  
  94  9:21  Marine  
  94  9:22  Marauder  
  94  9:23  Orbital Command  
  97  9:26  Marine  
  91  9:39  Marine  
  91  9:43  Marauder  
  91  9:45  Marauder  
  96  9:51  Terran Infantry Armor Level 2, Terran Infantry Weapons Level 2  
  96  9:52  Barracks  
  96  9:53  SCV x2  
  96  9:55  Barracks  
  96  9:57  Marine  
  99  10:05  Marauder  
  99  10:06  Medivac x2, Marine  
  106  10:10  Missile Turret  
  106  10:14  Cyclone  
  106  10:15  Marine  
  111  10:24  Marauder  
  111  10:26  SCV x3, Marine  
  111  10:28  Orbital Command  
  117  10:33  Marine  
  118  10:38  SCV  
  118  10:41  SCV  
  120  10:44  Marauder, Marine x2  
  120  10:45  Marine  
  120  10:46  Cyclone  
  129  10:50  Marine  
  129  10:53  Medivac x2  
  134  11:02  Marine x2  
  134  11:03  Marine  
  137  11:05  Marauder  
  137  11:08  Marine  
  140  11:17  Supply Depot  
  140  11:18  Supply Depot  
  140  11:19  Marine  
  140  11:20  SCV x2, Marine x2  
  140  11:22  SCV x2  
  147  11:26  Marine  
  148  11:36  Medivac x2, Marauder  
  148  11:37  Marine x2  
  148  11:39  Marauder  
  147  11:44  Marine  
  141  11:55  Marine x2  
  141  11:58  Marauder  
  141  12:00  Marauder  
  140  12:02  Marine  
Tags
 
Add a new tag
Caveats
  • Supply blocks, unpowered buildings, or Contaminate may cause inaccurate times.
  • Supply counts are checked every 10 seconds.